 Dungeon Crawl Stone Soup version 0.23.2-1-ga50397a6bc (webtiles) character file.

Game seed: 10638836453384754206

160 Mrkan the Bolt Thrower (level 5, -2/43 HPs)
             Began as a Gnoll Wanderer on May 18, 2019.
             Slain by a jackal (3 damage)
             ... on level 3 of the Dungeon.
             The game lasted 00:05:21 (2111 turns).

Mrkan the Bolt Thrower (Gnoll Wanderer)             Turns: 2111, Time: 00:05:22

Health: -2/43      AC:  2    Str: 15    XL:     5   Next: 41%
Magic:  7/7        EV: 12    Int: 13    God:
Gold:   126        SH:  0    Dex: 16    Spells: 6/6 levels left

rFire    . . .     SeeInvis .   a - +2 hand crossbow
rCold    . . .     Gourm    .   (no shield)
rNeg     . . .     Faith    .   d - +0 robe
rPois    .         Spirit   .   (no helmet)
rElec    .         Reflect  .   (no cloak)
rCorr    .         Harm     .   (no gloves)
MR       .....                  (no boots)
Stlth    ++........             (no amulet)
HPRegen  0.14/turn              (no ring)
MPRegen  0.10/turn              (no ring)

@: no status effects
A: distributed training, fangs 1, strong nose
a: no special abilities


You were on level 3 of the Dungeon.
You were near starving.

You visited 1 branch of the dungeon, and saw 3 of its levels.

You collected 126 gold pieces.

Inventory:

Hand Weapons
 a - a +2 hand crossbow (weapon)
Missiles
 l - 15 poisoned needles
Armour
 d - a +0 robe (worn)
Scrolls
 e - 4 scrolls of identify {unknown}
 g - 3 scrolls of blinking {unknown}
 j - 3 scrolls of teleportation {unknown}
 m - a scroll of fear {unknown}
 o - a scroll of enchant weapon {unknown}
Potions
 c - 3 potions of curing
 h - a potion of invisibility {unknown}
 i - a potion of cancellation {unknown}
 k - a potion of berserk rage {unknown}
 n - a potion of heal wounds {unknown}
 p - a potion of brilliance {unknown}
Comestibles
 f - 5 rations


   Skills:
 + Level 4.8 Fighting
 + Level 1.4 Short Blades
 + Level 1.4 Long Blades
 + Level 1.4 Axes
 + Level 1.4 Maces & Flails
 + Level 1.4 Polearms
 + Level 1.4 Staves
 + Level 1.4 Slings
 + Level 3.0 Bows
 + Level 6.7 Crossbows
 + Level 3.0 Throwing
 + Level 4.8 Armour
 + Level 1.4 Dodging
 + Level 1.4 Stealth
 + Level 1.4 Shields
 + Level 1.4 Unarmed Combat
 + Level 1.4 Spellcasting
 + Level 1.1 Conjurations
 + Level 1.1 Hexes
 + Level 1.1 Charms
 + Level 1.1 Summonings
 + Level 1.1 Necromancy
 + Level 1.1 Translocations
 + Level 1.1 Transmutations
 + Level 1.1 Fire Magic
 + Level 1.1 Ice Magic
 + Level 1.1 Air Magic
 + Level 1.1 Earth Magic
 + Level 1.1 Poison Magic
 + Level 1.6 Invocations
 + Level 3.0 Evocations


You had 6 spell levels left.
You didn't know any spells.
Your spell library was empty.

Dungeon Overview and Level Annotations

Branches:
Dungeon (3/15)

Altars:
Yredelemnul


Innate Abilities, Weirdness & Mutations

Your experience applies equally to all skills.
You have very sharp teeth.
Your uncanny sense of smell can sniff out nearby items.


Message History

The jackal misses you. The jackal misses you. The jackal barely misses you.
The jackal bites you but does no damage.
You open the door.
An adder comes into view.
The adder hisses angrily.
The jackal misses you.
You barely miss the jackal. The jackal closely misses you. The adder bites you.
* * * LOW HITPOINT WARNING * * *
The jackal bites you.
* * * LOW HITPOINT WARNING * * *
You clumsily bash the jackal but do no damage.
The adder bites you.
* * * LOW HITPOINT WARNING * * *
The jackal bites you.
* * * LOW HITPOINT WARNING * * *
The adder barely misses you. The jackal misses you.
You clumsily bash the jackal but do no damage.
The jackal bites you.
You die...

...(.#### #.........#
#..(.###.#.#####.#
#(........# #.#
#..(.###.....###.#######
#....##
#...............# #...##
##...##########.# ..#%.
##.## #.# .... #h# #.#
#.# #@# #.# ## #S# #.#
... #.# ..... # #.###
....... ##.#...#
.#####... ###....#.## +#
#..+...........
#.####...#.### ##.##.#


You could see an adder and a jackal.

Vanquished Creatures
  Robin (D:3)
  6 adders
  2 worms
  3 dart slugs
  3 leopard geckos
  6 orcs (D:3)
  2 ball pythons (D:2)
  2 giant cockroaches
  13 goblins
  7 hobgoblins
  2 jackals (D:3)
  4 kobolds
  9 bats
  8 frilled lizards
  12 rats
80 creatures vanquished.

Notes
Turn   | Place    | Note
-------+----------+-------------------------------------------
     0 | D:1      | Mrkan the Gnoll Wanderer began the quest for the Orb.
     0 | D:1      | Mrkan set off with the following items: a +2 hand crossbow,
                  | 23 bolts, 2 potions of curing, a +0 robe, a ration
     0 | D:1      | Reached XP level 1. HP: 20/20 MP: 2/2
   180 | D:1      | Reached XP level 2. HP: 26/26 MP: 3/3
   574 | D:2      | Reached XP level 3. HP: 31/31 MP: 4/4
   611 | D:2      | Reached skill level 1 in Invocations
   760 | D:2      | Reached skill level 1 in Short Blades
   760 | D:2      | Reached skill level 1 in Long Blades
   760 | D:2      | Reached skill level 1 in Axes
   760 | D:2      | Reached skill level 1 in Maces & Flails
   760 | D:2      | Reached skill level 1 in Polearms
   760 | D:2      | Reached skill level 1 in Staves
   760 | D:2      | Reached skill level 1 in Slings
   760 | D:2      | Reached skill level 1 in Dodging
   760 | D:2      | Reached skill level 1 in Stealth
   760 | D:2      | Reached skill level 1 in Shields
   760 | D:2      | Reached skill level 1 in Unarmed Combat
   760 | D:2      | Reached skill level 1 in Spellcasting
   839 | D:2      | Found a basalt altar of Yredelemnul.
   850 | D:2      | Reached XP level 4. HP: 38/38 MP: 6/6
  1408 | D:3      | Reached skill level 1 in Conjurations
  1408 | D:3      | Reached skill level 1 in Hexes
  1408 | D:3      | Reached skill level 1 in Charms
  1408 | D:3      | Reached skill level 1 in Summonings
  1408 | D:3      | Reached skill level 1 in Necromancy
  1408 | D:3      | Reached skill level 1 in Translocations
  1408 | D:3      | Reached skill level 1 in Transmutations
  1408 | D:3      | Reached skill level 1 in Fire Magic
  1408 | D:3      | Reached skill level 1 in Ice Magic
  1408 | D:3      | Reached skill level 1 in Air Magic
  1408 | D:3      | Reached skill level 1 in Earth Magic
  1408 | D:3      | Reached skill level 1 in Poison Magic
  1458 | D:3      | Noticed Robin
  1476 | D:3      | Killed Robin
  1476 | D:3      | Reached XP level 5. HP: 30/43 MP: 7/7
  2110 | D:3      | HP: 2/43 [adder (2)]
  2111 | D:3      | Slain by a jackal

Skill      XL: |  1  2  3  4  5 |
---------------+----------------+-----
Invocations    | 1 |  1.6
Short Blades   | 1 |  1.4
Long Blades    | 1 |  1.4
Axes           | 1 |  1.4
Maces & Flails | 1 |  1.4
Polearms       | 1 |  1.4
Staves         | 1 |  1.4
Slings         | 1 |  1.4
Dodging        | 1 |  1.4
Stealth        | 1 |  1.4
Shields        | 1 |  1.4
Unarmed Combat | 1 |  1.4
Spellcasting   | 1 |  1.4
Conjurations   | 1 |  1.1
Hexes          | 1 |  1.1
Charms         | 1 |  1.1
Summonings     | 1 |  1.1
Necromancy     | 1 |  1.1
Translocations | 1 |  1.1
Transmutations | 1 |  1.1
Fire Magic     | 1 |  1.1
Ice Magic      | 1 |  1.1
Air Magic      | 1 |  1.1
Earth Magic    | 1 |  1.1
Poison Magic   | 1 |  1.1
Bows           | 3 |  3.0
Throwing       | 3 |  3.0
Evocations     | 3 |  3.0
Fighting       | |  4.8
Crossbows      | |  6.7
Armour         | |  4.8

Action                   |  1- 3 |  4- 6 || total
-------------------------+-------+-------++-------
Melee: Hand crossbow     |       |    96 ||    96
       Bite              |       |    13 ||    13
       Punch             |       |     2 ||     2
 Fire: Hand crossbow     |    63 |    87 ||   150
  Eat: Chunk             |       |     2 ||     2
Armor: Robe              |     4 |    35 ||    39
Dodge: Dodged            |     5 |   120 ||   125
